 Dungeon Crawl Stone Soup version 0.27-a0-1529-g1e82c30 (webtiles) character file.

Game seed: 8105752187219608760

215 Illumine the Ruffian (level 5, -4/49 (53) HPs)
             Began as a Troll Monk on July 12, 2021.
             Slain by an iguana (6 damage)
             ... on level 4 of the Dungeon.
             The game lasted 00:02:18 (2837 turns).

Illumine the Ruffian (Troll Monk)                   Turns: 2837, Time: 00:02:18

HP:   -4/49 (53)    AC:  5    Str: 20    XL:     5   Next: 60%
MP:   4/4           EV: 10    Int: 12    God:
Gold: 209           SH:  0    Dex: 12    Spells: 4/4 levels left

rFire    . . .     SeeInvis .     - Unarmed
rCold    . . .     Faith    .   (no shield)
rNeg     . . .     Spirit   .   a - +0 robe
rPois    .         Reflect  .   (helmet restricted)
rElec    .         Harm     .   n - +0 cloak
rCorr    .         Rampage  .   (gloves unavailable)
Will     .....                  (boots unavailable)
Stlth    ++........             (no amulet)
HPRegen  1.16/turn              h - +6 ring of intelligence
MPRegen  0.09/turn              (no ring)

@: drained
A: large, unfitting armour, claws 3, regeneration 1, shaggy fur 1, tough skin 1
a: no special abilities


You were on level 4 of the Dungeon.
You visited 1 branch of the dungeon, and saw 5 of its levels.

You collected 209 gold pieces.

Inventory:

Armour
 a - a +0 robe (worn)
 n - a +0 cloak (worn)
Jewellery
 h - a +6 ring of intelligence (left claw)
Scrolls
 b - 2 scrolls of teleportation
 d - a scroll of identify
 e - a scroll of fear {unknown}
 i - a scroll of blinking {unknown}
 k - a scroll of immolation {unknown}
 m - 2 scrolls of holy word {unknown}
Potions
 c - a potion of flight {unknown}
 f - a potion of degeneration {unknown}
 g - 3 potions of might
 j - a potion of resistance {unknown}
 l - 2 potions of curing {unknown}
 o - a potion of attraction {unknown}


   Skills:
 + Level 3.3 Fighting
 + Level 3.3 Dodging
 - Level 1.0 Stealth
 * Level 5.0 Unarmed Combat


You had 4 spell levels left.
You didn't know any spells.
Your spell library contained the following spells:

 Spells                   Type           Power      Damage    Failure   Level
 Portal Projectile        Hex/Tloc       0%         N/A       69%         3
 Blade Hands              Tmut           0%         N/A       100%        5
 Excruciating Wounds      Necr           0%         N/A       100%        5


Dungeon Overview and Level Annotations

Branches:
Dungeon (5/15)
 Temple: D:4-7

Altars:
Fedhas
Qazlal


Innate Abilities, Weirdness & Mutations

You are too large for most types of armour.
You have claws for hands.
Your natural rate of healing is unusually fast.
You are covered in fur. (AC +1)
You have tough skin. (AC +1)


Message History

There is a stone staircase leading down, spattered with blood here.
You climb downwards.
The iguana bites you. The gnoll hits you with a +0 whip.
The gnoll barely misses you. The iguana barely misses you.
The gnoll barely misses you.
There is a stone staircase leading up, spattered with blood here.
The gnoll hits you with a +0 flail. The iguana bites you.
The gnoll hits you with a +0 whip.
You climb upwards.
There is a stone staircase leading down, spattered with blood here.
You claw the gnoll!
The gnoll is severely wounded.
The gnoll barely misses you.
The iguana bites you but does no damage.
The gnoll hits you with a +0 whip.
You closely miss the gnoll.
The gnoll is severely wounded.
The gnoll barely misses you. The iguana barely misses you.
The gnoll hits you with a +0 whip.
You closely miss the gnoll.
The gnoll is severely wounded.
The gnoll hits you with a +0 flail!
The iguana bites you but does no damage.
You scratch the gnoll but do no damage.
The gnoll is severely wounded.
The gnoll closely misses you. The gnoll hits you with a +0 flail.
You barely miss the gnoll.
The gnoll is severely wounded.
The iguana bites you!
* * * LOW HITPOINT WARNING * * *
The gnoll closely misses you. x2
You closely miss the gnoll.
The gnoll is severely wounded.
The iguana closely misses you. The gnoll hits you with a +0 whip.
* * * LOW HITPOINT WARNING * * *
The gnoll hits you with a +0 flail.
* * * LOW HITPOINT WARNING * * *
You closely miss the gnoll.
The gnoll is severely wounded.
The iguana bites you.
You die...

#.# #...<...##.####.#....
#.# #.......##...........
###.# #.......##...##.#....
#...# #.......##...##.#####
#.### #.......##..)...# #.#
######.####..#### #.# ##.#
#..# #.# ####g.####..# #.#
#.g@#.......# #.#
###.l###..##.#########
#.#####...## ##.##..........
#.......#..###......###.#.##
#########.#.#.#.###.###.#.##
#†##.##.# #.##......
#...[...# #.##..#.##
######### #.......##
####......


You could see an iguana and 2 gnolls.

Vanquished Creatures
  A necrophage (D:4)
  A gnoll (D:4)
  3 adders
  3 worms
  4 dart slugs
  6 orcs
  A bat (D:3)
  3 endoplasms
  A giant cockroach (D:2)
  7 goblins
  7 hobgoblins
  7 jackals (D:2)
  6 kobolds
  A quokka (D:2)
  4 ball pythons
  4 frilled lizards
  6 rats
65 creatures vanquished.

Notes
Turn   | Place    | Note
-------+----------+-------------------------------------------
     0 | D:1      | Illumine the Troll Monk began the quest for the Orb.
     0 | D:1      | Reached XP level 1. HP: 22/22 MP: 0/0
   322 | D:1      | Found a faded altar of an unknown god.
   388 | D:1      | Reached XP level 2. HP: 29/29 MP: 1/1
   744 | D:2      | Reached XP level 3. HP: 28/36 MP: 2/2
   907 | D:2      | Found a stormy altar of Qazlal.
  1175 | D:2      | Reached skill level 4 in Unarmed Combat
  1621 | D:3      | Reached XP level 4. HP: 44/44 MP: 3/3
  2019 | D:3      | You fall into a shaft and drop 1 floor!
  2066 | D:4      | Found a stormy altar of Qazlal.
  2084 | D:4      | Found a blossoming altar of Fedhas.
  2233 | D:4      | Noticed a necrophage
  2258 | D:4      | Killed a necrophage
  2259 | D:4      | Reached XP level 5. HP: 41/53 MP: 4/4
  2716 | D:5      | Entered Level 5 of the Dungeon
  2825 | D:4      | Reached skill level 5 in Unarmed Combat
  2836 | D:4      | HP: 1/49 [gnoll (4)]
  2837 | D:4      | Slain by an iguana

Illustrated notes

Levels and vault maps discovered:
D:1:      dpeg_arrival_shrine, layout_loops_ring,
          chequers_ecumenical_altar_simple_redux
D:2:      layout_loops_ring, basic_altar
D:3:      layout_basic
D:4:      layout_loops_cross, grunt_temple_overflow_forces_of_nature
D:5:      layout_loops_ring, mainiacjoe_overflow_surrounded_room

Skill      XL: |  1  2  3  4  5 |
---------------+----------------+-----
Unarmed Combat | 4 5 |  5.0
Dodging        | 3 |  3.3
Fighting       | 3 |  3.3
Stealth        | |  1.0

Action                   |  1- 3 |  4- 6 || total
-------------------------+-------+-------++-------
Melee: Unarmed           |   113 |    68 ||   181
  Use: Scroll            |     2 |       ||     2
 Stab: Sleeping          |     5 |       ||     5
       Distracted        |     1 |       ||     1
Armor: Robe              |    28 |    10 ||    38
Dodge: Dodged            |    40 |    36 ||    76

Table legend: (Time is in decaauts)
 A = Elapsed time spent in this place.
 B = Non-inter-level travel time spent in this place.
 C = Inter-level travel time spent in this place.
 D = Time resting spent in this place.
 E = Time spent auto-exploring this place.
 F = Levels seen in this place.
 G = Mean time per level.
                   A        B        C        D        E       F      G
               +--------+--------+--------+--------+--------+-----+--------+
         Total |   2826 |   2735 |     91 |     59 |   2195 |   5 |  565.2 |
       Dungeon |   2826 |   2735 |     91 |     59 |   2195 |   5 |  565.2 |
               +--------+--------+--------+--------+--------+-----+--------+

Top non-repeatable levels by time:
     D:4: 756 daAuts
     D:2: 678 daAuts
     D:3: 674 daAuts
     D:1: 657 daAuts
     D:5: 59 daAuts
